[Event "Late-Titled-Tuesday-Blitz-April-16-2024"]
[Site "Chess.com"]
[Date "2024.04.16"]
[Round "1"]
[White "Lukianoo"]
[Black "Kopytkin"]
[Result "1-0"]
[WhiteElo "2836"]
[BlackElo "2463"]
[TimeControl "180+1"]
[EndTime "14:04:31 PDT"]
[Termination "Lukianoo won by checkmate"]

1. e4 Nf6 2. e5 Nd5 3. c4 Nb6 4.
d4 d6 5. f4 dxe5 6. fxe5 c5 7.
d5 e6 8. Nc3 exd5 9. cxd5 c4 10. Nf3 Bc5 11. Bg5 f6 12. exf6 gxf6 13. Bh6 Kf7 14.
Ne5+ Kg8 15. Qf3 fxe5 16. Qg3+ Kf7 17. Qg7+ Ke8 18. Be2 Bf5 19. Bh5+ Bg6 20. Qxh8+ Kd7 21. Bg4+ Kc7 22. Nb5# 1-0

[Event "Late-Titled-Tuesday-Blitz-April-16-2024"]
[Site "Chess.com"]
[Date "2024.04.16"]
[Round "1"]
[White "Eloist"]
[Black "vladislavkovalev"]
[Result "0-1"]
[WhiteElo "2473"]
[BlackElo "2866"]
[TimeControl "180+1"]
[EndTime "14:04:32 PDT"]
[Termination "vladislavkovalev won by resignation"]

1. e4 e5 2. Bc4 Nf6 3. d3 c6 4. Nf3 d5 5. Bb3 a5 6. a4 Bd6 7. Nc3 d4 8. Ne2 h6 9. O-O Na6 10.
Nexd4 exd4 11. e5 O-O 12. exd6 Qxd6 13. Re1 Nc5 14. Bc4 Bg4 15. h3 Bh5 16. g4 Nxg4 17. hxg4 Bxg4 18. Kg2 Rae8 19. Bd2 Qf6 20. Bxa5 Rxe1 21.
Bxe1 Re8 22. Bb4 Nd7 23. Bd6 Qxd6 24. Qd2 Bxf3+ 25. Kxf3 Ne5+ 26. Kg2 Qg6+ 0-1

[Event "Late-Titled-Tuesday-Blitz-April-16-2024"]
[Site "Chess.com"]
[Date "2024.04.16"]
[Round "1"]
[White "steepedgames"]
[Black "Shankland"]
[Result "0-1"]
[WhiteElo "2482"]
[BlackElo "2883"]
[TimeControl "180+1"]
[EndTime "14:04:33 PDT"]
[Termination "Shankland won by resignation"]

1. d4 d5 2. Bf4 c5 3. c3 Nc6 4. e3 e6 5. Nd2 Bd6 6. Bg3 Nf6 7. Bd3 O-O 8. Ngf3 b6 9. O-O Bb7 10.
Qe2 Qc7 11. Rfe1 Bxg3 12. hxg3 e5 13. dxe5 Nxe5 14. Nxe5 Qxe5 15. e4 dxe4 16. Nxe4 Rad8 17. Nxf6+ Qxf6 18. Be4 Rfe8 19. Qf3 Rxe4 20. Rxe4 Qxf3 21.
gxf3 Bxe4 22. fxe4 Rd2 23. b4 cxb4 24. cxb4 g5 25.
a4 Rd4 26. a5 Rxe4 27. axb6 axb6 28. b5 Rb4 0-1

[Event "Late-Titled-Tuesday-Blitz-April-16-2024"]
[Site "Chess.com"]
[Date "2024.04.16"]
[Round "1"]
[White "KVAIDAN"]
[Black "lukas_111111"]
[Result "0-1"]
[WhiteElo "2384"]
[BlackElo "2701"]
[TimeControl "180+1"]
[EndTime "14:04:34 PDT"]
[Termination "lukas_111111 won by resignation"]

1. f4 Nh6 2. Nf3 d5 3. e3 Bg4 4.
h3 Bxf3 5. Qxf3 e6 6. c4 Nf5 7.
g4 Nh4 8. Qf2 Nc6 9. cxd5 Qxd5 10. Qxh4 Qxh1 11. Kf2 Be7 12. Qg3 h5 13. g5 h4 14. Qg4 Qh2+ 15. Bg2 O-O-O 16. Nc3 Kb8 17. d4 f5 18. Qd1 Qg3+ 19. Kf1 e5 20. Ne2 Qh2 21.
Bxc6 bxc6 22. Qb3+ Ka8 23. dxe5 Qxh3+ 24. Kf2 Qh2+ 25.
Kf1 h3 26. Qc2 Qg2+ 27. Ke1 h2 0-1

[Event "Late-Titled-Tuesday-Blitz-April-16-2024"]
[Site "Chess.com"]
[Date "2024.04.16"]
[Round "1"]
[White "FuenfgegenWilly"]
[Black "Nor1lsk"]
[Result "0-1"]
[WhiteElo "2435"]
[BlackElo "2784"]
[TimeControl "180+1"]
[EndTime "14:04:35 PDT"]
[Termination "Nor1lsk won by resignation"]

1. d4 g6 2. e4 Bg7 3. Nc3 c6 4. f4 d5 5. e5 Nh6 6. h3 O-O 7. Nf3 f6 8. Bd3 Bf5 9. Bxf5 Nxf5 10.
g4 Ng3 11. Rg1 Ne4 12. Be3 Nd7 13. Nxe4 dxe4 14. Nd2 fxe5 15. dxe5 g5 16. f5 Nxe5 17. Qe2 Qd5 18. Bxg5 Nf3+ 19. Nxf3 exf3 20. Qd2 Qe4+ 21. Kf1 Rad8 22. Qe3 Qc4+ 23. Kf2 Bd4 0-1

[Event "Late-Titled-Tuesday-Blitz-April-16-2024"]
[Site "Chess.com"]
[Date "2024.04.16"]
[Round "1"]
[White "Bryanl106"]
[Black "IPAchess"]
[Result "1-0"]
[WhiteElo "2699"]
[BlackElo "2383"]
[TimeControl "180+1"]
[EndTime "14:04:35 PDT"]
[Termination "Bryanl106 won by resignation"]

1. e4 e5 2. Nf3 Nc6 3. Nc3 Nf6 4. a3 d6 5. d4 exd4 6. Nxd4 Bd7 7. Bc4 Be7 8. O-O O-O 9. h3 Re8 10. Re1 Ne5 11.
Be2 Ng6 12. Bf1 Bf8 13. Bc4 c6 14. Bb3 Qc8 15. Bg5 Be7 16. Qf3 h6 17. Bd2 a6 18.
Qg3 Kh7 19. Bxf7 Ne5 20. Bxe8 Bxe8 21. f4 Nc4 22. Bc1 b5 23. b3 Nb6 24. e5 Nfd5 25. Nxd5 Nxd5 26. c4 bxc4 27. bxc4 Nb6 28. Bb2 Nxc4 29.
Qd3+ Bg6 30. Qxc4 d5 31. Qe2 Rb8 32. f5 Bxf5 33. Nxf5 Qxf5 34. Rf1 Qg6 35. e6 c5 36. Be5 Rb3 37. Rf7 1-0

[Event "Late-Titled-Tuesday-Blitz-April-16-2024"]
[Site "Chess.com"]
[Date "2024.04.16"]
[Round "1"]
[White "ahmedkandiliii"]
[Black "mbojan"]
[Result "0-1"]
[WhiteElo "2505"]
[BlackElo "2968"]
[TimeControl "180+1"]
[EndTime "14:04:39 PDT"]
[Termination "mbojan won by resignation"]

1. e4 a6 2. d4 e6 3. c4 d5 4.
cxd5 exd5 5. e5 c5 6. Nf3 Nc6 7. Bf4 Bg4 8. dxc5 Bxc5 9. Be2 Nge7 10. O-O O-O 11. Nc3 Qd7 12. h3 Bf5 13. Qd2 Rad8 14.
Rfd1 Ba7 15. Nh4 d4 16. Nxf5 Qxf5 17. Bd3 dxc3 18. bxc3 Rxd3 19. Qxd3 Qxf4 20. Qe2 Qxe5 21. Qxe5 Nxe5 22. Rab1 b5 23. a4 bxa4 24. Rb7 N5c6 25. Ra1 Rb8 26. Rd7 Kf8 27. Rxa4 Ke8 28. Rd1 a5 29.
Rd2 Rb1+ 30. Kh2 Rb3 31. Rc4 Rb5 32. Re2 Rc5 33. Rh4 h6 34. Rg4 g5 35. h4 f6 36.
hxg5 hxg5 37. f4 gxf4 38. Rxf4 Bb8 0-1

[Event "Late-Titled-Tuesday-Blitz-April-16-2024"]
[Site "Chess.com"]
[Date "2024.04.16"]
[Round "1"]
[White "Balla_Tamas"]
[Black "Aragon"]
[Result "1-0"]
[WhiteElo "2545"]
[BlackElo "2066"]
[TimeControl "180+1"]
[EndTime "14:04:41 PDT"]
[Termination "Balla_Tamas won by resignation"]

1. Nf3 b5 2. e4 a6 3. d4 Bb7 4.
Bd3 e6 5. c3 Nf6 6. Qe2 d5 7.
e5 Nfd7 8. O-O c5 9. Bg5 Qb6 10. Nbd2 Nc6 11. Rac1 cxd4 12. cxd4 Nxd4 13. Nxd4 Qxd4 14.
Nf3 Qb6 15. a3 h6 16. Bh4 Bc5 17. b4 Bd4 18. Bb1 Rc8 19. Rxc8+ Bxc8 20. Rc1 Bb7 21. Qc2 g5 22. Bg3 Qa7 23. h3 Bb6 24. Nd2 Bd4 25. Nb3 Bxe5 26. Bxe5 Nxe5 27. Qc7 Nd7 28. Na5 Qb6 29. Nxb7 1-0

[Event "Late-Titled-Tuesday-Blitz-April-16-2024"]
[Site "Chess.com"]
[Date "2024.04.16"]
[Round "1"]
[White "Jospem"]
[Black "sina101"]
[Result "1-0"]
[WhiteElo "3063"]
[BlackElo "2531"]
[TimeControl "180+1"]
[EndTime "14:04:47 PDT"]
[Termination "Jospem won by resignation"]

1. e4 c5 2. Nf3 e6 3. c3 Nf6 4.
Bd3 d5 5. e5 Nfd7 6. Bc2 Nc6 7.
d4 cxd4 8. cxd4 Be7 9. Nc3 O-O 10. O-O f6 11. exf6 Nxf6 12. Re1 Bd6 13. a3 a6 14. Qd3 Ne7 15. Bg5 Ng6 16. h4 Rf7 17. Ne5 Nf8 18. Nxf7 Kxf7 19. Re3 Bd7 20. Rae1 Qc7 21. Rf3 Re8 22.
h5 h6 23. Bxf6 gxf6 24. Qd2 Kg7 25. Ree3 Nh7 26. Bxh7 Kxh7 27. Rxf6 Bf4 28. Qd3+ Kh8 29. Rf3 Bg5 30. Rf7 1-0

[Event "Late-Titled-Tuesday-Blitz-April-16-2024"]
[Site "Chess.com"]
[Date "2024.04.16"]
[Round "1"]
[White "ural58"]
[Black "artin10862"]
[Result "0-1"]
[WhiteElo "2500"]
[BlackElo "2938"]
[TimeControl "180+1"]
[EndTime "14:04:55 PDT"]
[Termination "artin10862 won by resignation"]

1. e4 c5 2. b3 b6 3. d4 cxd4 4.
Qxd4 Nc6 5. Qd2 Nf6 6. Nc3 g6 7. Nf3 Bg7 8. Bb2 Nxe4 9. Nxe4 Bxb2 10. Rd1 Bg7 11. Bb5 Qc7 12. O-O O-O 13. Rfe1 a6 14.
Bf1 d6 15. c4 Bb7 16. Nc3 e6 17. h4 Rad8 18. h5 Ne5 19. Ng5 d5 20. hxg6 hxg6 21. cxd5 Ng4 22. d6 Qxc3 23. Qf4 Nf6 24. Re3 Qc2 25.
Red3 Qc5 26. Qh4 Qf5 27. Rh3 Qg4 0-1

[Event "Late-Titled-Tuesday-Blitz-April-16-2024"]
[Site "Chess.com"]
[Date "2024.04.16"]
[Round "1"]
[White "Oleksandr_Bortnyk"]
[Black "dosto07"]
[Result "1-0"]
[WhiteElo "3057"]
[BlackElo "2525"]
[TimeControl "180+1"]
[EndTime "14:05:01 PDT"]
[Termination "Oleksandr_Bortnyk won by resignation"]

1. e4 e5 2. Bc4 Nc6 3. d3 Bc5 4. Nc3 Nf6 5. Bg5 d6 6. Nd5 Na5 7. Qf3 c6 8. Nxf6+ gxf6 9. Bxf6 Qb6 10. Bxf7+ Kxf7 11. Bd8+ Ke8 12. Bxb6 axb6 13. a3 Be6 14. Qh5+ Bf7 15. Qh6 b5 16. Nf3 Rg8 17. b4 Bb6 18. bxa5 Bxa5+ 19. Ke2 Bc3 20. Qxd6 Bxa1 21. Rxa1 Rxg2 22.
Nxe5 Bh5+ 23. Ke3 Rg7 24. Qe6+ Kd8 25. Qf6+ Re7 26. Rg1 1-0

[Event "Late-Titled-Tuesday-Blitz-April-16-2024"]
[Site "Chess.com"]
[Date "2024.04.16"]
[Round "1"]
[White "rajesh1464"]
[Black "albi1999"]
[Result "0-1"]
[WhiteElo "2355"]
[BlackElo "2659"]
[TimeControl "180+1"]
[EndTime "14:05:09 PDT"]
[Termination "albi1999 won by resignation"]

1. d4 Nf6 2. c4 c6 3. Nf3 d5 4. cxd5 cxd5 5. Nc3 Nc6 6. Bf4 Nh5 7. Bg3 Nxg3 8. hxg3 g6 9. e3 Bg7 10. Bd3 O-O 11. O-O h5 12. Rc1 e6 13. Na4 Qd6 14.
Qb3 b6 15. Rc2 Bd7 16. Rfc1 Na5 17. Qc3 Bxa4 18. b3 Bd7 19. Ba6 Rfd8 20. Qd2 Rab8 21.
Rc7 Nc6 22. R1xc6 Bxc6 23. Rxa7 Ra8 24. Rxa8 Rxa8 25. Bd3 Bd7 0-1

[Event "Late-Titled-Tuesday-Blitz-April-16-2024"]
[Site "Chess.com"]
[Date "2024.04.16"]
[Round "1"]
[White "Lupul_Cenusiu"]
[Black "picturesquecheck"]
[Result "1-0"]
[WhiteElo "2733"]
[BlackElo "2407"]
[TimeControl "180+1"]
[EndTime "14:05:14 PDT"]
[Termination "Lupul_Cenusiu won by resignation"]

1. e4 c5 2. Nc3 Nc6 3. Bb5 Nd4 4. Nf3 a6 5. Bd3 Nc6 6. e5 g6 7. O-O Bg7 8. Re1 Nh6 9. h3 O-O 10. b3 d5 11. exd6 exd6 12. Bb2 Nf5 13. Rb1 Nb4 14. Bf1 Nh4 15. Nxh4 Qxh4 16. a3 Nc6 17. Re4 Qd8 18. Nd5 Bxb2 19. Rxb2 Be6 20. Nf4 Bf5 21. Re1 Qf6 22. c3 Qg5 23. Qf3 Ne5 24. Qe3 Kg7 25.
Ne6+ 1-0

[Event "Late-Titled-Tuesday-Blitz-April-16-2024"]
[Site "Chess.com"]
[Date "2024.04.16"]
[Round "1"]
[White "maximnovik"]
[Black "hikeman2017"]
[Result "1-0"]
[WhiteElo "2561"]
[BlackElo "2196"]
[TimeControl "180+1"]
[EndTime "14:05:14 PDT"]
[Termination "maximnovik won by resignation"]

1. e4 e6 2. d4 d5 3. e5 c5 4. c3 Nc6 5. Nf3 Qb6 6. Bd3 cxd4 7.
O-O Bd7 8. Re1 Rc8 9. Nbd2 a5 10.
Nb3 dxc3 11. bxc3 a4 12. Be3 d4 13. Nbxd4 Nxd4 14. cxd4 Qa5 15. Rb1 Bc6 16. Nd2 Bd5 17. Rb5 Qa7 18. Rxd5 exd5 19. Bb5+ Kd8 20. Qf3 Ne7 21.
Qxf7 Qb6 22. Bxa4 Qg6 23. Qf3 Qe6 24. Bb3 g6 25. Bg5 Ke8 26. Bf6 Rg8 27. Nf1 Bg7 28.
Bxe7 Qxe7 29. Qxd5 1-0

[Event "Late-Titled-Tuesday-Blitz-April-16-2024"]
[Site "Chess.com"]
[Date "2024.04.16"]
[Round "1"]
[White "RantomOpening"]
[Black "SpeedofLight0"]
[Result "0-1"]
[WhiteElo "2531"]
[BlackElo "3068"]
[TimeControl "180+1"]
[EndTime "14:05:16 PDT"]
[Termination "SpeedofLight0 won by resignation"]

1. c4 d6 2. Nf3 g6 3. Nc3 Bg7 4. d4 Nc6 5. e4 Bg4 6. Be3 e5 7. d5 Nd4 8. Be2 Bxf3 9. Bxf3 c5 10. dxc6 bxc6 11. b4 Rb8 12. Rb1 Ne7 13. O-O O-O 14. b5 Qa5 15. Qd3 c5 16. Bd1 f5 17. f3 h5 18.
Bxd4 cxd4 19. Nd5 Nxd5 20. cxd5 Bh6 21. exf5 Be3+ 22. Kh1 gxf5 23. f4 e4 24. Qe2 Rb7 25. Qxh5 Rg7 26. Rb2 d3 27. Qh6 Bd4 28. Qe6+ Kh7 29.
Rb1 Qxa2 0-1

[Event "Late-Titled-Tuesday-Blitz-April-16-2024"]
[Site "Chess.com"]
[Date "2024.04.16"]
[Round "1"]
[White "Caterpiller35"]
[Black "combidharma"]
[Result "1-0"]
[WhiteElo "2478"]
[BlackElo "2820"]
[TimeControl "180+1"]
[EndTime "14:05:19 PDT"]
[Termination "Caterpiller35 won by resignation"]

1. d4 Nf6 2. Bg5 g6 3. Bxf6 exf6 4. e3 Bg7 5. c4 O-O 6. Nc3 d6 7. g3 Nc6 8. Bg2 Bd7 9. Nge2 Qc8 10. Nd5 Re8 11.
O-O Rb8 12. b4 Ne7 13. Nxe7+ Rxe7 14. Nc3 Bg4 15. Qa4 a6 16. b5 axb5 17. Qxb5 c6 18. Qb3 Bh3 19. a4 Bxg2 20. Kxg2 f5 21. a5 f4 22.
exf4 Bxd4 23. Rfd1 c5 24. Nd5 Re2 25. Rxd4 cxd4 26. Qd3 Qe6 27. Qxd4 Rc8 28. a6 bxa6 29. Rxa6 h5 30. Nf6+ Kf8 31. Rxd6 Qxc4 32. Rd8+ Rxd8 33.
Qxc4 Rdd2 34. Ne4 Rc2 35. Qd4 1-0

[Event "Late-Titled-Tuesday-Blitz-April-16-2024"]
[Site "Chess.com"]
[Date "2024.04.16"]
[Round "1"]
[White "only_strong_moves"]
[Black "Indefatigable11"]
[Result "1-0"]
[WhiteElo "2661"]
[BlackElo "2358"]
[TimeControl "180+1"]
[EndTime "14:05:24 PDT"]
[Termination "only_strong_moves won by checkmate"]

1. d4 Nf6 2. c4 e6 3. Nf3 d5 4. Nc3 Be7 5. cxd5 exd5 6. Bg5 O-O 7. e3 c6 8. Bd3 Re8 9. Qc2 h6 10. Bf4 Nh5 11. O-O Nxf4 12. exf4 Nd7 13. Rfe1 Nf6 14. Ne5 Bd6 15. h3 Be6 16. Re2 Rc8 17. Rd1 Qc7 18. Qd2 b5 19. a3 a5 20. Bb1 b4 21. axb4 axb4 22. Na4 Ra8 23. b3 Ne4 24. Qc2 Bf5 25. Qc1 f6 26. Nd3 Rxa4 27. bxa4 Ra8 28.
Rde1 Rxa4 29. Nc5 Bxf4 30. Qb2 Nxc5 31. Bxf5 Nd7 32. Re8+ Nf8 33. Be6+ Kh7 34. Qc2+ Ng6 35. Bg8+ Kh8 36. Bf7+ Kh7 37. Qxg6# 1-0

[Event "Late-Titled-Tuesday-Blitz-April-16-2024"]
[Site "Chess.com"]
[Date "2024.04.16"]
[Round "1"]
[White "Orest_Vovk"]
[Black "IsaqueGoncalvesSanto"]
[Result "1-0"]
[WhiteElo "2540"]
[BlackElo "1877"]
[TimeControl "180+1"]
[EndTime "14:05:29 PDT"]
[Termination "Orest_Vovk won on time"]

1. h4 e6 2. h5 d5 3. e4 dxe4 4. Nc3 Nf6 5. h6 g6 6. Qe2 Qd4 7. Rh4 g5 8. Rxe4 Nxe4 9. Nxe4 Bxh6 10. Nf3 Qg7 11. d4 g4 12. Bxh6 Qxh6 13. Ne5 f5 14. Nc5 b6 15. Qb5+ Ke7 16. Ncd3 Ba6 17. Qb4+ Ke8 18. g3 Nd7 19. Nxd7 Kxd7 20. Qa4+ c6 21. Qxa6 Kc7 22. Nf4 c5 23. O-O-O Rad8 24. Qxa7+ 1-0

[Event "Late-Titled-Tuesday-Blitz-April-16-2024"]
[Site "Chess.com"]
[Date "2024.04.16"]
[Round "1"]
[White "Guriempire"]
[Black "IndianSchoolOfSuffering"]
[Result "1-0"]
[WhiteElo "2810"]
[BlackElo "2443"]
[TimeControl "180+1"]
[EndTime "14:05:30 PDT"]
[Termination "Guriempire won by resignation"]

1. e4 c5 2. Nf3 d6 3. d4 cxd4 4. Nxd4 Nf6 5. Nc3 a6 6. Bg5 e6 7. Qe2 Be7 8. h4 Qc7 9. O-O-O Nbd7 10. g4 b5 11. Bg2 Bb7 12. f4 h6 13. Bxf6 gxf6 14.
f5 e5 15. Nb3 Nb6 16. a3 Rc8 17. Rh3 Nc4 18. Kb1 Qb6 19. Bf1 a5 20. Nd5 Bxd5 21.
Rxd5 a4 22. Nd2 Rg8 23. Rc3 Nxd2+ 24. Qxd2 Rxc3 25. Qxc3 Rxg4 26. Qc8+ Qd8 27. Bxb5+ Kf8 28. Qc4 Rxh4 29. Bxa4 Rg4 30. Bb3 h5 31. Rc5 Qe8 32. Rc8 Bd8 33. Rxd8 1-0

[Event "Late-Titled-Tuesday-Blitz-April-16-2024"]
[Site "Chess.com"]
[Date "2024.04.16"]
[Round "1"]
[White "JoakimVonAnd"]
[Black "Bkmzzzzz"]
[Result "1-0"]
[WhiteElo "2693"]
[BlackElo "2382"]
[TimeControl "180+1"]
[EndTime "14:05:30 PDT"]
[Termination "JoakimVonAnd won by resignation"]

1. d4 d5 2. Nf3 Nf6 3. g3 e6 4.
Bg2 Be7 5. O-O O-O 6. c4 c5 7. cxd5 Nxd5 8. e4 Nf6 9. Nc3 Nc6 10. d5 exd5 11. exd5 Nb4 12. Ne5 h6 13. a3 Na6 14.
Re1 Nc7 15. Nc4 Nfe8 16. Bf4 Nd6 17. Rxe7 Nxc4 18. Rxc7 g5 19. Rxc5 Nxb2 20. Qc2 gxf4 21. Qxb2 fxg3 22. hxg3 Bf5 23. d6 Bg6 24. Nd5 f6 25.
Ne7+ Kg7 26. Rc7 Rf7 27. Qxb7 Rb8 28. Nc6 Rxb7 29. Nxd8 Rfxc7 30. dxc7 Rxc7 31. Ne6+ 1-0

[Event "Late-Titled-Tuesday-Blitz-April-16-2024"]
[Site "Chess.com"]
[Date "2024.04.16"]
[Round "1"]
[White "xasid81"]
[Black "pirulillo"]
[Result "1-0"]
[WhiteElo "2634"]
[BlackElo "2334"]
[TimeControl "180+1"]
[EndTime "14:05:36 PDT"]
[Termination "xasid81 won by resignation"]

1. Nf3 Nf6 2. b3 g6 3. Bb2 Bg7 4. g3 O-O 5. Bg2 d5 6. O-O c5 7.
e3 b6 8. d4 Bb7 9. dxc5 bxc5 10. Nbd2 e6 11. c4 Nbd7 12. Rc1 Qb6 13. Ne5 Nxe5 14.
Bxe5 Rfd8 15. Qc2 Rac8 16. Qb2 Ne8 17. Bxg7 Nxg7 18. cxd5 exd5 19. Rfd1 Ne6 20. h4 a5 21. Qf6 a4 22. h5 Rd6 23. Qe5 Rcd8 24. h6 R6d7 25.
Bh3 Qd6 26. Qf6 Qe7 27. Qxe7 Rxe7 28. Bxe6 fxe6 29. Rxc5 axb3 30. axb3 Ba6 31. Ra1 Bd3 32. Nf3 e5 33. Raa5 Rb8 34. Rxd5 Be4 35. Rxe5 Re6 36. Rxe6 1-0

[Event "Late-Titled-Tuesday-Blitz-April-16-2024"]
[Site "Chess.com"]
[Date "2024.04.16"]
[Round "1"]
[White "venturov"]
[Black "h4parah5"]
[Result "0-1"]
[WhiteElo "2522"]
[BlackElo "3027"]
[TimeControl "180+1"]
[EndTime "14:05:37 PDT"]
[Termination "h4parah5 won by checkmate"]

1. Nf3 c5 2. e4 Nc6 3. d4 cxd4 4. Nxd4 Nf6 5. Nc3 h5 6. Be2 g6 7. O-O Bg7 8. Be3 Ng4 9. Nxc6 Qc7 10. e5 Nxe3 11.
fxe3 dxc6 12. Bc4 O-O 13. e6 f5 14. e4 b5 15. Bb3 b4 16. Ne2 f4 17. g3 Ba6 18.
gxf4 Qb6+ 19. Kh1 Qe3 20. Ng3 Bxf1 21. Qxf1 Rxf4 22. Qa6 Qf3+ 23. Kg1 Bd4# 0-1

[Event "Late-Titled-Tuesday-Blitz-April-16-2024"]
[Site "Chess.com"]
[Date "2024.04.16"]
[Round "1"]
[White "Lennis93"]
[Black "cthulhuuu"]
[Result "0-1"]
[WhiteElo "2752"]
[BlackElo "2442"]
[TimeControl "180+1"]
[EndTime "14:05:40 PDT"]
[Termination "cthulhuuu won by resignation"]

1. d4 Nf6 2. Nf3 g6 3. Nc3 d5 4. Bf4 Bg7 5. e3 c6 6. a4 a5 7. Ne5 Qb6 8. Ra3 Nbd7 9. Rb3 Qa7 10.
Nd3 Ne4 11. Be2 O-O 12. O-O Re8 13. Nxe4 dxe4 14. Ne5 Nxe5 15. Bxe5 Be6 16. Bxg7 Bxb3 17. Bh6 Be6 18. c4 f6 19. b3 Qb6 20. Qc2 Rad8 21.
Qxe4 Bf5 22. Qf4 Qxb3 23. g4 Bd3 24. Bxd3 Qxd3 25. c5 g5 26. Qg3 Qg6 27. Qh3 e5 28. f4 exf4 29. exf4 Rxd4 30. fxg5 fxg5 31. Rf5 Rd5 32. Rf1 Rde5 33. Qf3 Qxh6 0-1

[Event "Late-Titled-Tuesday-Blitz-April-16-2024"]
[Site "Chess.com"]
[Date "2024.04.16"]
[Round "1"]
[White "Itay121"]
[Black "FairChess_on_YouTube"]
[Result "0-1"]
[WhiteElo "2531"]
[BlackElo "3103"]
[TimeControl "180+1"]
[EndTime "14:05:48 PDT"]
[Termination "FairChess_on_YouTube won by resignation"]

1. d4 Nf6 2. Nc3 e6 3. Bf4 Be7 4. e4 d5 5. e5 Nfd7 6. Nf3 c5 7. Be2 Nc6 8. O-O cxd4 9. Nb5 O-O 10. Nbxd4 Qb6 11.
Nxc6 bxc6 12. Rb1 c5 13. c4 d4 14. Bd3 Bb7 15. Re1 Qc6 16. Be4 Qxe4 17. Rxe4 Bxe4 18. Rc1 Rfb8 19. b3 a5 20. Qe2 Bc6 21. Bg5 Bxf3 22.
Qd2 Bxg5 23. Qxg5 Bc6 24. h4 h6 25. Qg3 a4 26. Rb1 Be4 27. Re1 axb3 28. axb3 Bc2 29. Qf3 d3 30. Kh2 d2 31. Rd1 Bxd1 32. Qxd1 Ra2 33. f4 Rb2 34. g4 R8xb3 35. f5 Rb1 36. fxe6 fxe6 37. Qf3 Rxf3 0-1

[Event "Late-Titled-Tuesday-Blitz-April-16-2024"]
[Site "Chess.com"]
[Date "2024.04.16"]
[Round "1"]
[White "cansun"]
[Black "Smoking_Crow"]
[Result "0-1"]
[WhiteElo "2380"]
[BlackElo "2688"]
[TimeControl "180+1"]
[EndTime "14:05:49 PDT"]
[Termination "Smoking_Crow won by resignation"]

1. d4 Nf6 2. c4 e6 3. Nf3 d5 4. cxd5 exd5 5. Nc3 Be7 6. Bg5 c6 7. Qc2 Nbd7 8. e3 Nh5 9. Bxe7 Qxe7 10. Bd3 g6 11.
O-O O-O 12. Rab1 Ng7 13. b4 a6 14. a4 b5 15. Ne2 Bb7 16. Ng3 Nb6 17. a5 Nc4 18. Rbc1 Qxb4 19. Qc3 Qxc3 20. Rxc3 Nxa5 21.
Ne5 Nc4 22. Bxc4 dxc4 23. Ne4 Ne6 24. Nf6+ Kg7 25. Nfd7 Rfd8 26. Ra1 Bc8 27. Nc5 Nxc5 28. dxc5 Bb7 29. Rb1 Rd5 30. f4 Rxc5 31. Nxc4 Bc8 32. Nb6 Rxc3 33. Nxa8 Bf5 34. Re1 Be4 35. Re2 b4 36.
Nb6 b3 37. Na4 Rc1+ 38. Kf2 Bd3 39. Rd2 Bc2 40. Nb2 c5 41. Ke2 a5 42. Nd3 Bxd3+ 43.
Kxd3 c4+ 44. Kd4 c3 0-1

[Event "Late-Titled-Tuesday-Blitz-April-16-2024"]
[Site "Chess.com"]
[Date "2024.04.16"]
[Round "1"]
[White "northridgehawk"]
[Black "Jimonios"]
[Result "1-0"]
[WhiteElo "2339"]
[BlackElo "2609"]
[TimeControl "180+1"]
[EndTime "14:05:49 PDT"]
[Termination "northridgehawk won by resignation"]

1. e4 Nc6 2. d4 d6 3. Nc3 Nf6 4. Nf3 g6 5. h3 Bg7 6. Be3 a6 7. Qd2 b5 8. O-O-O b4 9. e5 bxc3 10. Qxc3 Bd7 11. exf6 Bxf6 12. g4 a5 13. Bh6 Nb4 14. Bc4 d5 15. Bb3 e6 16. g5 Be7 17. a4 Bd6 18. Rhe1 Qe7 19. Kb1 c5 20. dxc5 Bxc5 21. Bxd5 O-O-O 22. Bg7 Bxa4 23. Bb3 Bxb3 24. cxb3 Rhg8 25. Bf6 Rxd1+ 26. Rxd1 Qc7 27. Be5 Qc6 28. Bd4 Bxd4 29. Rxd4 Kb7 30. Rc4 Qd7 31. Rd4 Qc7 32. Ne5 Nd5 33. Qxc7+ Kxc7 34. Nc4 Ra8 35.
h4 Kc6 36. h5 Ra7 37. hxg6 fxg6 38. Re4 Kd7 39. Rh4 Kc6 40. Kc2 Rf7 41. Ne5+ 1-0

[Event "Late-Titled-Tuesday-Blitz-April-16-2024"]
[Site "Chess.com"]
[Date "2024.04.16"]
[Round "1"]
[White "AlexPapasimakopoulos"]
[Black "HanSchut"]
[Result "1-0"]
[WhiteElo "2627"]
[BlackElo "2324"]
[TimeControl "180+1"]
[EndTime "14:05:52 PDT"]
[Termination "AlexPapasimakopoulos won by resignation"]

1. d4 Nf6 2. c4 g6 3. Nc3 d5 4. Nf3 Bg7 5. Bg5 Ne4 6. Bf4 Nxc3 7. bxc3 dxc4 8. e3 Be6 9. Qb1 b6 10. Be2 O-O 11. Nd2 c5 12. O-O cxd4 13. exd4 Nc6 14. Nxc4 Bxc4 15. Bxc4 Na5 16. Ba6 Qd7 17. Qb4 Nc6 18. Qa4 e5 19. Bb5 exf4 20. Bxc6 Qg4 21. Bxa8 Rxa8 22. f3 Qc8 23. Rac1 Qc7 24. Rfd1 Rd8 25.
Kh1 g5 26. Qb5 g4 27. fxg4 f3 28. gxf3 Qf4 29. Qe2 h5 30. gxh5 Bh6 31. Rg1+ Kf8 32. Rce1 Qh4 33. Rg4 Qf6 34. Reg1 1-0

[Event "Late-Titled-Tuesday-Blitz-April-16-2024"]
[Site "Chess.com"]
[Date "2024.04.16"]
[Round "1"]
[White "Msb2"]
[Black "pooh2012"]
[Result "1-0"]
[WhiteElo "3011"]
[BlackElo "2512"]
[TimeControl "180+1"]
[EndTime "14:05:53 PDT"]
[Termination "Msb2 won by resignation"]

1. d4 Nf6 2. c4 e6 3. Nc3 Bb4 4. e3 O-O 5. Bd2 d5 6. Nf3 b6 7. cxd5 exd5 8. Rc1 a6 9. Bd3 Bb7 10. O-O Nbd7 11. Ne5 Bd6 12. f4 c5 13. Qf3 Re8 14.
Be1 cxd4 15. exd4 b5 16. Qh3 Nf8 17. Bh4 Be7 18. Qf3 Qb6 19. Kh1 Qxd4 20. Rcd1 Qb6 21. Bxf6 Bxf6 22. Nxd5 Bxd5 23. Qxd5 Qe6 24. Be4 Bxe5 25.
fxe5 Rab8 26. b3 Ng6 27. Bxg6 hxg6 28. Qf3 Re7 29. Rd6 Qxe5 30. Rxa6 Rd8 31. h3 Qe2 32. Qf4 Rd1 33. Ra8+ 1-0

[Event "Late-Titled-Tuesday-Blitz-April-16-2024"]
[Site "Chess.com"]
[Date "2024.04.16"]
[Round "1"]
[White "XiaoKangZhong"]
[Black "HansOnTwitch"]
[Result "0-1"]
[WhiteElo "2538"]
[BlackElo "3164"]
[TimeControl "180+1"]
[EndTime "14:05:58 PDT"]
[Termination "HansOnTwitch won by resignation"]

1. e4 c5 2. Nf3 d6 3. Bb5+ Nd7 4. c4 Nf6 5. Nc3 a6 6. Ba4 g6 7. O-O Bg7 8. d4 cxd4 9. Nxd4 O-O 10. Bc2 Qc7 11.
Qe2 Ne5 12. Nd5 Nxd5 13. cxd5 Bg4 14. f3 Qc5 15. Be3 Nc4 16. b4 Qxb4 17. Bf2 Nd2 18. a3 Qc3 19. Rfc1 Bxd4 20. fxg4 Rac8 21. Bxd4 Qxd4+ 22. Qf2 Qc3 23. h4 Rc5 24. Bd1 Qd3 25. Rxc5 dxc5 26. Qxc5 Nxe4 27. Qxe7 Qd4+ 28. Kh2 Qxa1 29. Bf3 Nd2 30. d6 Nxf3+ 31. gxf3 Qb2+ 0-1

[Event "Late-Titled-Tuesday-Blitz-April-16-2024"]
[Site "Chess.com"]
[Date "2024.04.16"]
[Round "1"]
[White "IMGC"]
[Black "Gabrielian_Artur"]
[Result "0-1"]
[WhiteElo "2440"]
[BlackElo "2795"]
[TimeControl "180+1"]
[EndTime "14:05:59 PDT"]
[Termination "Gabrielian_Artur won by resignation"]

1. Nf3 Nf6 2. e3 g6 3. d4 Bg7 4. Be2 O-O 5. O-O d6 6. b3 e5 7. Bb2 e4 8. Nfd2 Re8 9. c4 h5 10. Nc3 Bg4 11. b4 Nbd7 12. a4 Nf8 13. a5 a6 14. b5 N8h7 15. bxa6 bxa6 16. Re1 Ng5 17. f4 exf3 18. gxf3 Rb8 19. Rb1 Nh3+ 20. Kg2 Bf5 21.
e4 Nf4+ 22. Kh1 Bh3 23. Bf1 Qd7 24. Qc2 Bxf1 25. Nxf1 Qh3 26. Re3 Nh7 27. Qf2 Bxd4 0-1